 Dungeon Crawl Stone Soup version 0.19.0-11-g3fc08b3 (webtiles) character file.

272 Jerry the Slasher (level 6, -6/50 HPs)
             Began as a Minotaur Gladiator on Nov 9, 2016.
             Was an Initiate of Dithmenos.
             Mangled by Jerry's ghost (11 damage)
             ... on level 4 of the Dungeon.
             The game lasted 00:06:55 (2941 turns).

Jerry the Slasher (Minotaur Gladiator)              Turns: 2941, Time: 00:06:56

Health: -6/50      AC:  4    Str: 19 (20) XL:     6   Next: 2%
Magic:  5/5        EV: 14    Int:  9 (10) God:    Dithmenos [......]
Gold:   159        SH:  0    Dex: 11 (12) Spells: 0 memorised, 5 levels left

rFire  . . .     SeeInvis .     a - +0 long sword
rCold  . . .     Gourm    .     e - +0 leather armour (curse)
rNeg   . . .     Faith    .     (no shield)
rPois  .         Spirit   .     c - +0 hat
rElec  .         Reflect  .     (no cloak)
rCorr  .         Harm     .     p - +0 pair of gloves
MR     .....                    (no boots)
Stlth  +.........               (no amulet)
                                (no ring)
                                (no ring)

@: brilliant, very slightly contaminated, invisible
A: retaliatory headbutt, horns 2
a: Renounce Religion


You were on level 4 of the Dungeon.
You worshipped Dithmenos.
Dithmenos was noncommittal.
You were near starving.

You visited 1 branch of the dungeon, and saw 4 of its levels.

You collected 159 gold pieces.

Inventory:

Hand Weapons
 a - a +0 long sword (weapon)
Missiles
 d - 3 throwing nets (quivered)
Armour
 c - a +0 hat (worn)
 e - a cursed +0 leather armour (worn)
 p - a +0 pair of gloves (worn)
Jewellery
 w - an uncursed amulet of guardian spirit {unknown}
Scrolls
 b - 7 scrolls of identify {unknown}
 k - 4 scrolls of recharging {unknown}
 l - a scroll of remove curse {unknown}
 n - 2 scrolls of teleportation {unknown}
 o - 3 scrolls of enchant weapon {unknown}
 r - a scroll of immolation {unknown}
 v - a scroll of amnesia {unknown}
 y - a scroll of magic mapping {unknown}
 z - a scroll of fear {unknown}
Potions
 g - a potion of degeneration
 i - 2 potions of curing
 m - a potion of invisibility
 q - a potion of beneficial mutation {unknown}
 u - 3 potions of heal wounds {unknown}
 x - a potion of resistance {unknown}
 A - 3 potions of haste {unknown}
Books
 s - a book of Cantrips

   Spells                             Type                      Level
   a - Confusing Touch                Hexes                        1
   b - Animate Skeleton               Necromancy                   1
   c - Summon Small Mammal            Summoning                    1
   d - Apportation                    Translocation                1
Comestibles
 f - 8 bread rations
 j - 3 fruits
 t - 3 slices of pizza


   Skills:
 - Level 2.4 Fighting
 + Level 5.8 Long Blades
 - Level 2.0 Throwing
 + Level 3.6 Armour
 + Level 5.0 Dodging


You had 5 spell levels left.
You didn't know any spells.

Dungeon Overview and Level Annotations

Branches:
Dungeon (4/15)
 Temple: D:4-7

Altars:
Dithmenos
Gozag
The Shining One

Annotations:
D:4 Jerry's ghost, novice MfGl


Innate Abilities, Weirdness & Mutations

You reflexively headbutt those who attack you in melee.
You have a pair of horns on your head.


Message History

Jerry's ghost is moderately damaged.
Jerry's ghost hits you!
* * * LOW HITPOINT WARNING * * *
You hit Jerry's ghost.
Jerry's ghost is moderately damaged.
Jerry's ghost misses you.
You riposte.
You miss Jerry's ghost.
Jerry's ghost is moderately damaged.
You hit Jerry's ghost but do no damage.
Jerry's ghost is moderately damaged.
Jerry's ghost closely misses you. You furiously retaliate!
You headbutt Jerry's ghost! You closely miss Jerry's ghost.
Jerry's ghost is heavily damaged.
Jerry's ghost closely misses you.
You miss Jerry's ghost.
Jerry's ghost is heavily damaged.
Jerry's ghost hits you!
* * * LOW HITPOINT WARNING * * *
Jerry's ghost hits you!
You die...

###+###.....###...
#.....#.......W...
#.โ‰ˆ.โ‰ˆ.#...##......
+.._..'.######.... #
#.โ‰ˆ.ยง.#..# #.....
#.#.....##.# #...... #
#.###'### .......### #
#.#...W.# #....###
#....@.## ...#
##.....# ..## #.....#
..# #.###.. #.. ###.
#. #. # .. . .# ..


You could see Jerry's ghost.

Vanquished Creatures
  A phantom (D:4)
  Jessica (D:3)
  An iguana (D:4)
  2 worker ants (D:4)
  2 adders
  3 worms
  A leopard gecko (D:3)
  8 bats
  3 giant cockroaches
  4 goblins
  7 hobgoblins
  8 jackals
  5 kobolds
  A quokka (D:4)
  2 ball pythons
  7 frilled lizards
  4 rats
60 creatures vanquished.

Notes
Turn   | Place    | Note
-------+----------+-------------------------------------------
     0 | D:1      | Jerry the Minotaur Gladiator began the quest for the Orb.
     0 | D:1      | Reached XP level 1. HP: 18/18 MP: 0/0
   115 | D:1      | Reached skill level 1 in Armour
   229 | D:1      | Reached XP level 2. HP: 24/25 MP: 1/1
   732 | D:2      | Found an opulent altar of Gozag.
   762 | D:2      | Reached XP level 3. HP: 25/30 MP: 2/2
  1173 | D:3      | Noticed Jessica
  1177 | D:3      | Killed Jessica
  1177 | D:3      | Reached XP level 4. HP: 29/37 MP: 3/3
  1473 | D:3      | Found a glowing golden altar of the Shining One.
  1562 | D:3      | Reached skill level 5 in Long Blades
  2589 | D:4      | Reached XP level 5. HP: 38/42 MP: 4/4
  2670 | D:4      | Noticed Jerry's ghost (novice MfGl)
  2772 | D:4      | Noticed a phantom
  2777 | D:4      | Killed a phantom
  2777 | D:4      | Reached skill level 5 in Dodging
  2777 | D:4      | Reached XP level 6. HP: 30/50 MP: 5/5
  2915 | D:4      | Found a shadowy altar of Dithmenos.
  2923 | D:4      | Became a worshipper of Dithmenos the Shadowed
  2941 | D:4      | Mangled by Jerry's ghost

Skill      XL: |  1  2  3  4  5 |
---------------+----------------+-----
Armour         | 1 2 3 |  3.6
Long Blades    | 4 5 |  5.8
Dodging        | 4 5 |  5.0
Fighting       | |  2.4
Throwing       | |  2.0

Action                   |  1- 3 |  4- 6 || total
-------------------------+-------+-------++-------
Melee: Long sword        |    52 |    61 ||   113
       Headbutt          |     9 |    12 ||    21
  Use: Potion            |       |     4 ||     4
 Stab: Sleeping          |       |     1 ||     1
  Eat: Chunk             |     1 |     2 ||     3
       Beef jerky        |       |     1 ||     1
Armor: Leather armour    |    12 |    11 ||    23
Dodge: Dodged            |    32 |    37 ||    69
       Rpst.: Long sword |     8 |    13 ||    21
